 Dungeon Crawl Stone Soup version 0.29.1-2-gbd0b4ee654 (webtiles) character file.

Game seed: 15414537800513015647

105 GorkyZ the Trooper (level 4, -1/36 HPs)
             Began as a Demonspawn Fighter on Nov 23, 2022.
             Slain by a gnoll
             ... wielding a +0 spear
              (3 damage)
             ... on level 3 of the Dungeon.
             The game lasted 00:05:01 (2478 turns).

GorkyZ the Trooper (Demonspawn Fighter)             Turns: 2478, Time: 00:05:02

Health: -1/36      AC:  9    Str: 18    XL:     4   Next: 54%
Magic:  4/4        EV:  9    Int:  9    God:
Gold:   197        SH:  4    Dex: 13    Spells: 3/3 levels left

rFire   . . .      SeeInvis .   a - +0 war axe
rCold   . . .      Faith    .   c - +0 buckler
rNeg    . . .      Spirit   .   b - +0 scale mail
rPois   .          Reflect  .   (helmet restricted)
rElec   .          Harm     .   j - +1 cloak
rCorr   .          Rampage  .   (no gloves)
Will    .....                   (no boots)
Stlth   ..........              g - amulet of the acrobat
HPRegen 0.12/turn               (no ring)
MPRegen 0.09/turn               (no ring)

@: no status effects
A: antennae 1, rugged brown scales 1, powered by death 1
a: no special abilities


You were on level 3 of the Dungeon.
You visited 1 branch of the dungeon, and saw 3 of its levels.

You collected 197 gold pieces.

Inventory:

Hand Weapons
 a - a +0 war axe (weapon)
Armour
 b - a +0 scale mail (worn)
 c - a +0 buckler (worn)
 j - a +1 cloak (worn)
Jewellery
 g - an amulet of the acrobat (around neck)
Scrolls
 o - a scroll of butterflies
Potions
 d - a potion of might
 e - a potion of curing {unknown}
 h - a potion of cancellation
 k - a potion of magic {unknown}
 l - 2 potions of heal wounds {unknown}
 m - a potion of flight {unknown}
 q - a potion of mutation {unknown}
 r - a potion of invisibility {unknown}


   Skills:
 + Level 3.3 Fighting
 + Level 2.2 Axes
 + Level 1.1 Throwing
 + Level 3.1 Armour
 + Level 1.2 Dodging
 + Level 3.1 Shields
 + Level 1.3 Evocations


You had 3 spell levels left.
You didn't know any spells.
Your spell library contained the following spells:

 Spells                   Type           Power      Damage    Failure   Level
 Beastly Appendage        Tmut           0%         N/A       86%         1
 Slow                     Hex            0%         N/A       86%         1
 Wereblood                Tmut           0%         N/A       94%         2
 Call Canine Familiar     Summ           0%         N/A       99%         3
 Confusing Touch          Hex            0%         N/A       99%         3
 Portal Projectile        Hex/Tloc       0%         N/A       99%         3
 Spider Form              Tmut/Pois      0%         N/A       99%         3
 Vampiric Draining        Necr           0%         2d6       99%         3
 Leda's Liquefaction      Hex/Erth       0%         N/A       100%        4


Dungeon Overview and Level Annotations

Branches:
Dungeon (3/15)

Altars:


Innate Abilities, Weirdness & Mutations

You have a pair of small antennae on your head.
You are partially covered in rugged brown scales. (AC +1, +3% HP)
You regenerate a little health from kills.


Message History

You closely miss the gnoll. The gnoll hits you with a +0 club!
The gnoll barely misses you. You block the gnoll's attack. x2
You slash the gnoll!
The gnoll is almost dead.
The gnoll barely misses you. You block the gnoll's attack.
You hit the gnoll but do no damage.
The gnoll is almost dead.
The gnoll hits you with a +0 club.
A gnoll comes into view. It is wielding a +0 club.
You block the gnoll's attack.
You are too injured to fight recklessly!
You are too injured to fight recklessly!
You are too injured to fight recklessly!
There are monsters nearby!
The gnoll shouts!
The gnoll attacks as you move away! The gnoll misses you.
You closely miss the gnoll.
The gnoll is severely wounded.
The gnoll closely misses you.
The gnoll hits you from afar with a +0 spear.
The gnoll misses you. x2; You block the gnoll's attack.
You slash the gnoll!
The gnoll is severely wounded.
You barely miss the gnoll. The gnoll hits you with a +0 club.
* * * LOW HITPOINT WARNING * * *
The gnoll hits you but does no damage.
A rat comes into view.
The gnoll barely misses you.
Found a stone staircase leading down.
The gnoll misses you. The gnoll completely misses you.
The gnoll closely misses you. The gnoll hits you with a +0 spear.
* * * LOW HITPOINT WARNING * * *
You hit the gnoll.
The gnoll is almost dead.
You barely miss the gnoll. You hit the gnoll but do no damage.
You closely miss the gnoll. You block the gnoll's attack.
The gnoll hits you but does no damage. The gnoll hits you with a +0 club.
* * * LOW HITPOINT WARNING * * *
The gnoll barely misses you. The gnoll hits you with a +0 spear.
You die...

#####...#####......#
#...........#......#
...................#.
#...........#........
#####...#####......##
#.........##.....
#...####### #.##


#ggg# .. ##@## # #g# ..# #... .... .#.#># ..# #. . # # You could see 4 gnolls.

Vanquished Creatures
  Robin (D:3)
  2 adders (D:2)
  A worm (D:2)
  2 dart slugs
  3 endoplasms
  6 giant cockroaches
  10 goblins
  8 hobgoblins
  2 jackals (D:2)
  3 quokkas
  6 ball pythons
  5 bats
  5 frilled lizards
  7 kobolds
  4 rats
65 creatures vanquished.

Notes
Turn   | Place    | Note
-------+----------+-------------------------------------------
     0 | D:1      | GorkyZ the Demonspawn Fighter began the quest for the Orb.
     0 | D:1      | Reached XP level 1. HP: 18/18 MP: 1/1
   306 | D:1      | Gained mutation: You are partially covered in rugged brown
                  | scales. (AC +1, +3% HP) [demonic ancestry]
   306 | D:1      | Reached XP level 2. HP: 17/24 MP: 2/2
   623 | D:1      | Found a faded altar of an unknown god.
   875 | D:1      | Gained mutation: You have a pair of small antennae on your
                  | head. [demonic ancestry]
   875 | D:1      | Reached XP level 3. HP: 26/29 MP: 3/3
  1415 | D:2      | Reached skill level 1 in Evocations
  1752 | D:2      | Reached skill level 1 in Dodging
  1754 | D:2      | Reached skill level 1 in Throwing
  2060 | D:2      | Gained mutation: You regenerate a little health from kills.
                  | [demonic ancestry]
  2060 | D:2      | Reached XP level 4. HP: 36/36 MP: 4/4
  2401 | D:3      | Noticed Robin
  2410 | D:3      | Killed Robin
  2478 | D:3      | Slain by a gnoll

Illustrated notes

Levels and vault maps discovered:
D:1:      dpeg_arrival_water_fire, layout_loops_ring,
          shapermc_ecumenical_altar_mp_urbaneastern, minmay_cupped
D:2:      layout_loops_ring, minmay_increasing_density
D:3:      layout_loops_cross, kennysheep_generic_room_12, uniq_robin

Skill      XL: |  1  2  3 |
---------------+----------+-----
Axes           | 2 |  2.2
Armour         | 3 |  3.1
Shields        | 3 |  3.1
Evocations     | 1 |  1.3
Dodging        | 1 |  1.2
Throwing       | 1 |  1.1
Fighting       | |  3.3

Action                   |  1- 3 |  4- 6 || total
-------------------------+-------+-------++-------
Melee: War axe           |   135 |    33 ||   168
  Use: Scroll            |       |     7 ||     7
Armor: Scale mail        |    76 |    21 ||    97
Dodge: Dodged            |    66 |    29 ||    95
Block: Buckler           |    33 |    12 ||    45
